AoeStats
← Chris

Nomad

506695575Analyzed
4v4 RM · 17d ago on Sep 14, 2026· 27m 37s· 8 players
Game mode
Random Map
Map size
231×231
Population
200
Speed
Normal
Resources
Standard
Victory
Conquest
Starting age
Dark Age
Ending age
Imperial Age
RankedLock teamsTeams togetherTeam positionsShared explorationLock speedFull tech treeHidden civsTurbo modeCheats
Victory
Defeat
🇲🇽 Spanish · Mexico
1444
+13
🇭🇺 Saracens · Hungary
1407
+15
🇺🇸 Chinese · United States
1389
+16
🇪🇸 Burgundians · Spain
1371
+16
🇨🇳 Italians · China
1460
-17
🇨🇳 Huns · China
1399
-16
1346
-14
🇹🇷 Wu · Türkiye
1326
-13
ddno$
4:50 Loom
13:27 Feudal Age
17:46 Castle Age
17:40 Double-Bit Axe
19:36 Wheelbarrow
18:43 Horse Collar
23:27 Scale Barding Armor
23:37 Husbandry
23:55 Bloodlines
27:00 Chain Barding Armor
28:04 Gold Mining
28:05 Stone Mining
Chris
2:56 Loom
13:50 Feudal Age
14:40 Gold Mining
14:36 Double-Bit Axe
17:05 Town Watch
17:55 Wheelbarrow
18:40 Fletching
24:58 Castle Age
22:53 Horse Collar
[GDL] Perro del Mal
13:57 Feudal Age
17:29 Castle Age
16:33 Double-Bit Axe
18:34 Bow Saw
18:30 Padded Archer Armor
19:58 Leather Archer Armor
20:05 Husbandry
21:02 Bloodlines
21:16 Horse Collar
23:38 Loom
26:18 Wheelbarrow
27:07 Gold Mining
TdB.victor2.01
5:40 Loom
14:54 Feudal Age
18:39 Castle Age
17:39 Fishing Lines
23:09 Scale Mail Armor
27:05 Horse Collar
Сергей Петрович
5:32 Loom
15:22 Feudal Age
16:52 Double-Bit Axe
18:51 Gold Mining
18:47 Fishing Lines
26:50 Castle Age
Günyüzü
5:27 Loom
12:58 Feudal Age
17:59 Castle Age
16:43 Double-Bit Axe
17:02 Fletching
17:30 Gold Mining
18:39 Wheelbarrow
19:09 Bow Saw
19:53 Padded Archer Armor
20:58 Leather Archer Armor
21:28 Bodkin Arrow
XinHai
12:29 Loom
16:23 Feudal Age
17:06 Double-Bit Axe
19:42 Scale Barding Armor
20:25 Horse Collar
24:22 Castle Age
适才相戏尔
3:50 Loom
13:16 Feudal Age
13:51 Double-Bit Axe
18:22 Castle Age
16:52 Stone Mining
17:01 Fletching
21:35 Gold Mining
23:47 Bodkin Arrow
Connection lost

Rejoining the realm…

Still unreachable

The connection could not be restored.

Session expired

The server has moved on; the page needs a fresh start.